 Dungeon Sprint DCSS version 0.29.1-1-gd02db6906a (webtiles) character file.

Game seed: 7330292970196678137

5500000 Ofeo the Axe Maniac (level 27, -38/249 HPs)
             Began as a Formicid Warper on Sept 17, 2022.
             Was the Champion of Makhleb.
             Annihilated by a meat berserker
             ... wielding a +9 battleaxe
              (66 damage)
             ... in the Dungeon (Sprint VIII: "Arena of Blood").
             The game lasted 00:01:55 (55 turns).

Ofeo the Axe Maniac (Formicid Warper)                 Turns: 55, Time: 00:01:55

Health: -38/249    AC:  6    Str: 18    XL:     27
Magic:  29/54      EV: 24    Int: 25    God:    Makhleb [******]
Gold:   0          SH:  0    Dex: 13    Spells: 80/80 levels left

rFire   . . .      SeeInvis +   c - +∞ Axe of Woe
rCold   . . .      Faith    .   (no shield)
rNeg    . . .      Spirit   .   a - +0 leather armour
rPois   .          Reflect  .   (helmet unavailable)
rElec   .          Harm     .   (no cloak)
rCorr   .          Rampage  .   (no gloves)
Will    ++...                   (no boots)
Stlth   +++++++++.              (no amulet)
HPRegen 0.51/turn               (no ring)
MPRegen 0.34/turn               (no ring)

@: no status effects
A: permanent stasis, dig shafts and tunnels, antennae 3, four strong arms
a: Dig, Renounce Religion, Minor Destruction, Lesser Servant of Makhleb, Major
Destruction, Greater Servant of Makhleb


You were in the Dungeon.
You worshipped Makhleb.
Makhleb was exalted by your worship.
You visited 1 branch

Inventory:

Hand Weapons
 c - the +∞ Axe of Woe (weapon)
   (You found it in the Dungeon)
Missiles
 b - 7 boomerangs of dispersal (quivered)
Armour
 a - a +0 leather armour (worn)
Potions
 e - 2 potions of magic
 h - a potion of heal wounds {@q2}
 q - a potion of curing {@q1}


   Skills:
 O Level 27 Fighting
 + Level 17.8(20.7) Short Blades
 + Level 17.8(20.7) Long Blades
 O Level 27 Axes
 + Level 17.8(26.3) Maces & Flails
 + Level 17.8(26.3) Polearms
 + Level 17.8(23.1) Staves
 + Level 17.8 Ranged Weapons
 O Level 27 Throwing
 O Level 27 Armour
 O Level 27 Dodging
 O Level 27 Stealth
 + Level 22.5 Shields
 O Level 27 Unarmed Combat
 O Level 27 Spellcasting
 + Level 16.4 Conjurations
 + Level 20.8 Hexes
 + Level 19.3 Summonings
 + Level 17.8 Necromancy
 O Level 27 Translocations
 + Level 19.2 Transmutations
 + Level 17.8 Fire Magic
 + Level 17.8 Ice Magic
 + Level 15.1 Air Magic
 + Level 22.5 Earth Magic
 + Level 24.3 Poison Magic
 + Level 22.5 Invocations
 + Level 20.9 Evocations


You had 80 spell levels left.
You didn't know any spells.
Your spell library contained the following spells:

 Spells                   Type           Power      Damage    Failure   Level
 Gell's Gravitas          Tloc           100%       N/A       0%          3
 Lesser Beckoning         Tloc           100%       N/A       0%          3
 Teleport Other           Tloc           100%       N/A       0%          3
 Manifold Assault         Tloc           100%       N/A       0%          5
 Blink                    Tloc           Unusable   N/A       N/A         2

Dungeon Overview and Level Annotations

Branches:
Dungeon (1/1)

Altars:
Makhleb


Innate Abilities, Weirdness & Mutations

You cannot be hasted, slowed, berserked, paralysed or teleported.
You can dig through walls and to a lower floor.
You have a pair of large antennae on your head. (SInv)
Your four strong arms can wield two-handed weapons with a shield.


Message History

An accursed comes into view.
You hear a shout! x4
The eight-headed meat hydra calls on the powers of darkness!
The eight-headed meat hydra convulses!
The bag of meat convulses!
The meat berserker convulses!
Your body is wracked with pain!
* * * LOW HITPOINT WARNING * * *
The bag of meat convulses!
The large bag of meat convulses!
Flame seeps out of the large bag of meat.
The bag of meat convulses! x3
You take 18 damage, and have 54/249 hp.
You swing at nothing.
You hear a shout!
The accursed is engulfed in blazing flames.
You hear a shout! x2
The bag of meat is engulfed in blazing flames.
A bag of meat comes into view. It is wielding a +9 war axe.
The accursed casts a spell at you. Something smites you!
* * * LOW HITPOINT WARNING * * *
You hear a shout! x3
You take 11 damage, and have 43/249 hp.
You slice the bag of meat!!
You hew the bag of meat savagely.
You kill the bag of meat!
Makhleb accepts your kill.
You feel better.
You hit the accursed but do no damage.
You pulverise the accursed into a thin bloody mist.
You destroy the accursed!
Makhleb accepts your kill.
You feel extremely nervous for a moment...
Your body is wracked with pain!
* * * LOW HITPOINT WARNING * * *
You hear a shout!
The accursed casts a spell at you. Something smites you!
* * * LOW HITPOINT WARNING * * *
You hear a shout! x3
The large bag of meat is engulfed in blazing flames.
You hear a shout!
The meat berserker hits you with a +9 battleaxe!!!
You die...

.......o............#.
.......................
................o...#..
#.......#......oo.....
#.......#...........##.
#.......###..§☼☼.......
...###.))..D)☼☼))..###..
...._..).)).))))O.L.V...
.#.....#))))))○#@#{....
#_.<._#..)..°○)Oo.M..M.
#.....#......#o#o#V....
...o_..........M........
...###.........#.#.#..#.
#.. ....###o........ ..
#.. ....# ........... .
#. .....# .....§. ...#
.. .....


You could see 3 accurseds, a tyrant, an eight-headed meat hydra, 2 destroyers, a
large bag of meat (inner flame), a meat berserker (berserk) and 6 bags of meat.

Vanquished Creatures
  A royal mummy (D)
  10 vampire knights (D)
  25 ogres (D)
  2 two-headed ogres (D)
  A hydra (D)
  52 orcs (D)
  2 skeletal warriors (D)
93 creatures vanquished.

Notes
Turn   | Place    | Note
-------+----------+-------------------------------------------
     0 | D        | Found the +∞ Axe of Woe
     0 | D        | Ofeo the Formicid Warper began the quest for the Orb.
     0 | D        | Reached XP level 1. HP: 16/16 MP: 3/3
     1 | D        | Noticed a bag of meat
     3 | D        | Became a worshipper of Makhleb the Destroyer
     4 | D        | Noticed a meat berserker
     5 | D        | Noticed a bag of meat
     6 | D        | Killed a bag of meat
     6 | D        | Noticed a meat berserker
     6 | D        | Noticed a bag of meat
     6 | D        | Noticed a bag of meat
     7 | D        | Reached XP level 2. HP: 22/22 MP: 5/5
     7 | D        | Reached XP level 3. HP: 27/27 MP: 6/6
     7 | D        | Reached XP level 4. HP: 33/33 MP: 7/7
     7 | D        | Reached XP level 5. HP: 38/38 MP: 8/8
     7 | D        | Reached XP level 6. HP: 44/44 MP: 9/9
     7 | D        | Reached XP level 7. HP: 50/50 MP: 10/10
     7 | D        | Reached XP level 8. HP: 56/56 MP: 11/11
     7 | D        | Reached XP level 9. HP: 61/61 MP: 12/12
     7 | D        | Reached XP level 10. HP: 67/67 MP: 13/13
     7 | D        | Reached XP level 11. HP: 72/72 MP: 14/14
     7 | D        | Killed a meat berserker
     7 | D        | Reached * piety under Makhleb
     8 | D        | Reached skill level 27 in Axes
     8 | D        | Reached XP level 12. HP: 116/116 MP: 15/15
     8 | D        | Reached XP level 13. HP: 122/122 MP: 16/16
     8 | D        | Noticed a meat berserker
     8 | D        | Noticed a bag of meat
     9 | D        | Noticed a meat berserker
     9 | D        | Noticed a meat berserker
     9 | D        | Noticed a bag of meat
     9 | D        | Noticed a meat berserker
    10 | D        | Killed a meat berserker
    10 | D        | Noticed a meat berserker
    10 | D        | Noticed a meat berserker
    11 | D        | Reached XP level 14. HP: 105/146 MP: 17/17
    11 | D        | Killed a bag of meat
    11 | D        | Noticed a bag of meat
    12 | D        | Reached skill level 27 in Fighting
    12 | D        | Noticed a bag of meat
    12 | D        | Killed a bag of meat
    12 | D        | Reached ** piety under Makhleb
    12 | D        | Noticed a meat berserker
    13 | D        | Killed a meat berserker
    14 | D        | Reached XP level 15. HP: 104/159 MP: 18/18
    14 | D        | Killed a meat berserker
    14 | D        | Reached *** piety under Makhleb
    15 | D        | Reached XP level 16. HP: 158/167 MP: 19/19
    16 | D        | Killed a meat berserker
    16 | D        | Noticed a meat berserker
    17 | D        | Killed a meat berserker
    17 | D        | Reached **** piety under Makhleb
    18 | D        | Reached skill level 27 in Translocations
    18 | D        | Reached XP level 17. HP: 165/174 MP: 20/20
    18 | D        | Killed a meat berserker
    19 | D        | Killed a meat berserker
    19 | D        | Noticed a meat berserker
    20 | D        | Reached skill level 15 in Dodging
    20 | D        | Reached XP level 18. HP: 182/182 MP: 21/21
    20 | D        | Noticed a meat berserker
    20 | D        | Noticed a destroyer
    21 | D        | Noticed a meat berserker
    21 | D        | Killed a meat berserker
    21 | D        | Reached ***** piety under Makhleb
    21 | D        | Killed a meat berserker
    21 | D        | Noticed a meat berserker
    23 | D        | Reached skill level 27 in Stealth
    23 | D        | Reached XP level 19. HP: 189/189 MP: 22/22
    23 | D        | Noticed a destroyer
    24 | D        | Noticed a large bag of meat
    24 | D        | Noticed a meat berserker
    25 | D        | Noticed a meat berserker
    25 | D        | Killed a meat berserker
    25 | D        | Killed a meat berserker
    25 | D        | Reached ****** piety under Makhleb
    25 | D        | Noticed a destroyer
    25 | D        | Noticed a large bag of meat
    25 | D        | Noticed a destroyer
    26 | D        | Reached skill level 27 in Armour
    26 | D        | Reached skill level 27 in Dodging
    26 | D        | Reached skill level 5 in Spellcasting
    26 | D        | Killed a meat berserker
    27 | D        | Reached skill level 10 in Unarmed Combat
    27 | D        | Reached XP level 20. HP: 197/197 MP: 22/36
    27 | D        | Killed a destroyer
    28 | D        | Noticed a meat berserker
    28 | D        | Killed a destroyer
    28 | D        | Noticed an eight-headed meat hydra
    29 | D        | Reached XP level 21. HP: 204/204 MP: 22/48
    29 | D        | Killed a destroyer
    29 | D        | Killed a meat berserker
    30 | D        | Reached skill level 27 in Spellcasting
    30 | D        | Killed a meat berserker
    30 | D        | Noticed a destroyer
    31 | D        | Reached skill level 27 in Unarmed Combat
    31 | D        | Reached XP level 22. HP: 212/212 MP: 22/53
    31 | D        | Noticed a meat berserker
    33 | D        | Reached skill level 27 in Throwing
    34 | D        | Killed a meat berserker
    34 | D        | Killed a meat berserker
    35 | D        | Reached skill level 5 in Shields
    35 | D        | Reached skill level 5 in Hexes
    35 | D        | Reached skill level 5 in Earth Magic
    35 | D        | Reached skill level 5 in Invocations
    35 | D        | Reached skill level 5 in Evocations
    35 | D        | Noticed a meat berserker
    35 | D        | Noticed a meat berserker
    36 | D        | Killed a destroyer
    36 | D        | Killed a large bag of meat
    36 | D        | Noticed a meat berserker
    36 | D        | Noticed a destroyer
    37 | D        | Reached skill level 5 in Air Magic
    37 | D        | Reached XP level 23. HP: 189/219 MP: 24/54
    38 | D        | Reached skill level 10 in Poison Magic
    39 | D        | Noticed a destroyer
    39 | D        | Noticed a destroyer
    39 | D        | Noticed a destroyer
    41 | D        | Reached skill level 10 in Hexes
    41 | D        | Reached skill level 10 in Evocations
    41 | D        | Noticed a destroyer
    41 | D        | Noticed a destroyer
    41 | D        | Killed a destroyer
    41 | D        | Killed a large bag of meat
    41 | D        | Killed a destroyer
    42 | D        | Reached skill level 10 in Conjurations
    42 | D        | Reached skill level 15 in Poison Magic
    42 | D        | Reached XP level 24. HP: 191/227 MP: 25/54
    42 | D        | Noticed a destroyer
    43 | D        | Reached skill level 15 in Shields
    43 | D        | Reached skill level 15 in Earth Magic
    43 | D        | Reached skill level 15 in Invocations
    44 | D        | Reached skill level 10 in Air Magic
    44 | D        | Noticed a large bag of meat
    44 | D        | Killed a destroyer
    45 | D        | Reached skill level 15 in Summonings
    45 | D        | Reached skill level 15 in Transmutations
    45 | D        | Reached XP level 25. HP: 226/234 MP: 26/54
    46 | D        | Noticed an accursed
    46 | D        | Killed a destroyer
    48 | D        | Reached skill level 15 in Short Blades
    48 | D        | Reached skill level 15 in Long Blades
    48 | D        | Reached skill level 15 in Maces & Flails
    48 | D        | Reached skill level 15 in Polearms
    48 | D        | Reached skill level 15 in Staves
    48 | D        | Reached skill level 15 in Ranged Weapons
    48 | D        | Reached skill level 15 in Necromancy
    48 | D        | Reached skill level 15 in Fire Magic
    48 | D        | Reached skill level 15 in Ice Magic
    48 | D        | Reached XP level 26. HP: 214/242 MP: 27/54
    49 | D        | Killed a destroyer
    49 | D        | Noticed a tyrant
    50 | D        | Reached skill level 15 in Conjurations
    50 | D        | Noticed an accursed
    50 | D        | HP: 11/242 [meat berserker/+9 battleaxe (49)]
    51 | D        | Killed a destroyer
    52 | D        | Reached skill level 15 in Air Magic
    52 | D        | Reached XP level 27. HP: 55/249 MP: 28/54
    52 | D        | Noticed an accursed
    53 | D        | Noticed an accursed
    55 | D        | Killed an accursed
    55 | D        | Annihilated by a meat berserker

Illustrated notes

Levels and vault maps discovered:
D:        meatsprint

Skill      XL: |  1  2  3  4  5  6  7  8  9 10 11 12 13 14 15 16 17 18 19 20 21 22 23 24 25 26 |
---------------+-------------------------------------------------------------------------------+-----
Axes           | 24 27 | 27.0
Fighting       | 17 24 27 | 27.0
Translocations | 17 23 27 | 27.0
Armour         | 11 18 23 27 | 27.0
Dodging        | 9 15 20 27 | 27.0
Stealth        | 13 21 27 | 27.0
Throwing       | 4 9 22 27 | 27.0
Unarmed Combat | 10 20 27 | 27.0
Spellcasting   | 12 23 27 | 27.0
Short Blades   | 6 11 13 15 17 | 17.8
Long Blades    | 6 11 13 15 17 | 17.8
Maces & Flails | 6 11 13 15 17 | 17.8
Polearms       | 6 11 13 15 17 | 17.8
Staves         | 6 11 13 15 17 | 17.8
Ranged Weapons | 6 11 13 15 17 | 17.8
Shields        | 8 14 17 19 22 | 22.5
Conjurations   | 6 10 12 13 16 | 16.4
Hexes          | 7 13 16 17 20 | 20.8
Summonings     | 7 12 15 16 19 | 19.3
Necromancy     | 6 11 13 15 17 | 17.8
Transmutations | 7 12 15 16 19 | 19.2
Fire Magic     | 6 11 13 15 17 | 17.8
Ice Magic      | 6 11 13 15 17 | 17.8
Air Magic      | 5 9 11 12 15 | 15.1
Earth Magic    | 8 14 17 19 22 | 22.5
Poison Magic   | 9 15 19 20 24 | 24.3
Invocations    | 8 14 17 19 22 | 22.5
Evocations     | 8 13 16 17 20 | 20.9

Action                   |  1- 3 |  4- 6 |  7- 9 | 10-12 | 13-15 | 16-18 | 19-21 | 22-24 | 25-27 || total
-------------------------+-------+-------+-------+-------+-------+-------+-------+-------+-------++-------
Melee: Executioner's axe |     1 |       |       |     1 |     5 |     6 |     5 |     8 |     8 ||    34
Dodge: Dodged            |       |       |       |       |       |       |     1 |     2 |       ||     3
